 Dungeon Crawl Stone Soup version 0.28.0-53-g5a82cb258f (webtiles) character file.

Game seed: 6313122792972252584

11 Raiden350 the Cutter (level 2, 0/22 HPs)
             Began as a Demonspawn Gladiator on July 17, 2022.
             Slain by a jackal (1 damage)
             ... on level 1 of the Dungeon.
             The game lasted 00:00:40 (476 turns).

Raiden350 the Cutter (Demonspawn Gladiator)          Turns: 476, Time: 00:00:40

Health: 0/22       AC:  4    Str: 14    XL:     2   Next: 17%
Magic:  2/2        EV: 12    Int:  9    God:
Gold:   10         SH:  0    Dex: 14    Spells: 1/1 levels left

rFire   . . .      SeeInvis .   a - +0 rapier
rCold   . . .      Faith    .   (no shield)
rNeg    . . .      Spirit   .   b - +0 leather armour
rPois   .          Reflect  .   c - +0 helmet
rElec   .          Harm     .   (no cloak)
rCorr   .          Rampage  .   (no gloves)
Will    .....                   (no boots)
Stlth   +.........              (no amulet)
HPRegen 0.07/turn               (no ring)
MPRegen 0.08/turn               (no ring)

@: no status effects
A: demonic magic 1
a: no special abilities


You were on level 1 of the Dungeon.
You visited 1 branch of the dungeon, and saw 1 of its levels.

You collected 10 gold pieces.

Inventory:

Hand Weapons
 a - a +0 rapier (weapon)
Missiles
 d - 3 throwing nets (quivered)
Armour
 b - a +0 leather armour (worn)
 c - a +0 helmet (worn)
Scrolls
 e - a scroll of identify {unknown}


   Skills:
 + Level 2.2 Fighting
 + Level 2.9 Short Blades
 - Level 1.7 Throwing
 + Level 0.5 Armour
 + Level 2.8 Dodging


You had one spell level left.
You didn't know any spells.
Your spell library was empty.

Dungeon Overview and Level Annotations

Branches:
Dungeon (1/15)

Altars:


Innate Abilities, Weirdness & Mutations

Spells you cast may paralyse adjacent enemies.


Message History

The jackal barely misses you.
You hit the jackal.
You kill the jackal!
The jackal bites you but does no damage.
The jackal bites you.
You hit the jackal.
The jackal is moderately wounded.
The jackal barely misses you. x2; The jackal completely misses you.
The jackal bites you but does no damage.
The jackal barely misses you.
The jackal bites you but does no damage.
The jackal closely misses you. The jackal bites you.
The jackal closely misses you. The jackal barely misses you. x2
The jackal bites you but does no damage.
The jackal barely misses you. The jackal closely misses you.
The jackal bites you. The jackal closely misses you. The jackal bites you.
The jackal bites you but does no damage.
The jackal barely misses you. The jackal barely misses you.
The jackal bites you but does no damage.
The jackal misses you. The jackal barely misses you. The jackal bites you.
The jackal bites you but does no damage.
The jackal misses you.
The jackal bites you but does no damage.
The jackal bites you.
* * * LOW HITPOINT WARNING * * *
The jackal barely misses you. x2; The jackal misses you.
The jackal bites you but does no damage. x2
The jackal closely misses you. The jackal misses you. The jackal bites you.
* * * LOW HITPOINT WARNING * * *
The jackal closely misses you. The jackal barely misses you. x2
The jackal closely misses you.
The jackal bites you but does no damage.
The jackal closely misses you. The jackal bites you.
* * * LOW HITPOINT WARNING * * *
The jackal bites you but does no damage.
The jackal bites you.
You die...

#.# ########## #.#
#........# #.#
#..).....# . #.#
#........# .. #####.#
#........# ...
......###........# ....
........>........# ....
#...#.###.......h#..#...
#...#.# ######..@hh.....
#...#.##### #######....
....#.#...... .#
..###.#..#.#.#.##
................ .
........#..#.#.#..
........#.........
........#.#.#..#.#
.#......#....... ...


You could see 3 jackals.

Vanquished Creatures
  2 ball pythons (D:1)
  2 bats (D:1)
  An endoplasm (D:1)
  2 goblins (D:1)
  A jackal (D:1)
  A kobold (D:1)
  A rat (D:1)
10 creatures vanquished.

Notes
Turn   | Place    | Note
-------+----------+-------------------------------------------
     0 | D:1      | Raiden350 the Demonspawn Gladiator began the quest for the
                  | Orb.
     0 | D:1      | Reached XP level 1. HP: 16/16 MP: 1/1
     1 | D:1      | Noticed an electric eel
   343 | D:1      | Gained mutation: Spells you cast may paralyse adjacent
                  | enemies. [demonic ancestry]
   343 | D:1      | Reached XP level 2. HP: 16/22 MP: 2/2
   476 | D:1      | HP: 1/22 [jackal (3)]
   476 | D:1      | Slain by a jackal

Illustrated notes

Levels and vault maps discovered:
D:1:      arrival_aquarium_a, layout_basic, hangedman_decor_points

Action                   || total
-------------------------++-------
Melee: Rapier            ||    34
       Punch             ||     2
Armor: Leather armour    ||    31
Dodge: Dodged            ||    63
